 Dungeon Crawl Stone Soup version 0.28-a0-1184-g53156a8862 (webtiles) character file.

Game seed: 16242033769221773970

8479 septik the Severer (level 11, -5/82 HPs)
             Began as a Minotaur Berserker on Dec 17, 2021.
             Was an Elder of Trog.
             Slain by an orc warrior (9 damage)
             ... on level 10 of the Dungeon.
             The game lasted 00:14:26 (9083 turns).

septik the Severer (Minotaur Berserker)             Turns: 9083, Time: 00:14:26

Health: -5/82      AC: 11    Str: 25    XL:     11   Next: 10%
Magic:  10/10      EV:  5    Int:  4    God:    Trog [****..]
Gold:   765        SH:  8    Dex: 11    Spells: 10/10 levels left

rFire   . . .      SeeInvis .   H - +0 hand axe (vamp)
rCold   . . .      Faith    .   C - +2 kite shield
rNeg    . . .      Spirit   .   A - +0 chain mail
rPois   .          Reflect  .   s - +2 hat
rElec   .          Harm     .   (no cloak)
rCorr   +          Rampage  .   R - +0 pair of gloves
Will    .....                   (no boots)
Stlth   ..........              o - amulet of regeneration
HPRegen 1.03/turn               i - ring of resist corrosion
MPRegen 0.12/turn               (no ring)

@: on berserk cooldown, slowed, very slow
A: horns 2, retaliatory headbutt
a: Renounce Religion, Berserk, Trog's Hand, Brothers in Arms


You were on level 10 of the Dungeon.
You worshipped Trog.
Trog was greatly pleased with you.
You visited 2 branches of the dungeon, and saw 11 of its levels.

You collected 765 gold pieces.

Inventory:

Hand Weapons
 H - a +0 vampiric hand axe (weapon)
 I - a +2 whip of electrocution
 M - a +4 hand axe
 N - a +0 broad axe
Missiles
 a - 2 throwing nets
 e - 397 stones (quivered)
 l - 6 curare-tipped darts
Armour
 r - a +0 buckler
 s - a +2 hat (worn)
 A - a +0 chain mail (worn)
 C - a +2 kite shield (worn)
 L - a +0 ring mail of poison resistance
 R - a +0 pair of gloves (worn)
Jewellery
 i - a ring of resist corrosion (left hand)
 m - a +6 ring of intelligence
 o - an amulet of regeneration (around neck)
 E - a ring of poison resistance
 K - an amulet of faith
 V - a +6 ring of intelligence
Wands
 q - a wand of acid (9)
 x - a wand of paralysis (10)
 J - a wand of digging (6)
 Q - a wand of mindburst (7)
 U - a wand of flame (13)
Scrolls
 c - 2 scrolls of noise {unknown}
 h - 3 scrolls of fog
 n - a scroll of teleportation
 p - a scroll of enchant weapon {unknown}
 v - a scroll of enchant armour {unknown}
 w - 6 scrolls of identify {unknown}
 y - 2 scrolls of fear {unknown}
 B - a scroll of amnesia {unknown}
 D - a scroll of holy word {unknown}
 F - a scroll of acquirement {unknown}
 G - a scroll of blinking {unknown}
 S - a scroll of torment {unknown}
Potions
 b - 2 potions of mutation {unknown}
 d - a potion of berserk rage {unknown}
 f - a potion of haste
 g - 3 potions of magic {unknown}
 j - 3 potions of degeneration {unknown}
 k - 2 potions of heal wounds {unknown}
 t - a potion of invisibility {unknown}
 u - 4 potions of lignification {unknown}
 z - a potion of cancellation {unknown}
 O - a potion of might {unknown}
 P - a potion of brilliance {unknown}
 T - a potion of flight {unknown}


   Skills:
 - Level 3.6 Fighting
 + Level 20.0 Axes
 - Level 2.4 Armour
 - Level 2.1 Dodging


You had 10 spell levels left.
You didn't know any spells.
Your spell library was empty.

Dungeon Overview and Level Annotations

Branches:
Dungeon (10/15)            Temple (1/1) D:7            Lair (0/6) D:9
    Orc (0/2) D:10

Altars:
Ashenzari
Dithmenos
Elyvilon
Fedhas
Qazlal
Yredelemnul
The Shining One

Shops:
D:6 :


Innate Abilities, Weirdness & Mutations

You have a pair of horns on your head.
You reflexively headbutt those who attack you in melee.


Message History

You are too injured to fight recklessly!
You are too injured to fight recklessly!
You are too injured to fight recklessly!
You are too injured to fight recklessly!
You are too injured to fight recklessly!
You are too injured to fight recklessly!
You are too injured to fight recklessly!
You are too injured to fight recklessly!
You are too injured to fight recklessly!
You are too injured to fight recklessly!
You are too injured to fight recklessly!
You are too injured to fight recklessly!
Okay, then.
You barely miss the orc warrior.
The orc warrior is heavily wounded.
You closely miss the orc warrior. You closely miss the orc warrior.
You headbutt the orc warrior!
The orc warrior is almost dead.
You closely miss the orc warrior. You block the orc warrior's attack.
The orc warrior hits you with a +0 glaive!!
* * * LOW HITPOINT WARNING * * *
The orc warrior hits you with a +0 scimitar.
* * * LOW HITPOINT WARNING * * *
You hit the orc warrior.
The orc warrior is almost dead.
You slash the orc warrior!
You feel better.
You are no longer berserk.
You are exhausted.
You feel yourself slow down.
The orc warrior hits you from afar with a +0 halberd!
* * * LOW HITPOINT WARNING * * *
You hit the orc warrior.
You feel better.
You kill the orc warrior!
Trog accepts your kill.
You barely miss the orc warrior.
The orc warrior hits you with a +0 glaive.
* * * LOW HITPOINT WARNING * * *
The orc warrior hits you but does no damage.
The orc warrior hits you with a +0 glaive!
You die...

...♣♣ ##......)...#
≈...♣##...........#
≈≈...##.......##.##
≈≈....#.......##.#
≈≈....#..#######.#
≈.....#..#8..g8#.#
......#..#...KK#.#
......#..#..ogoKo#
##....#..# #@#
.#....#..# #.#
.#....#..#### ##.#
.######.....###..#
................##
............#####
............#
....######..#
....#....#..#


You could see 2 orc warriors, 3 kobold brigands, a gnoll sergeant, a gnoll and
an orc.

Vanquished Creatures
  A two-headed ogre (D:7)
  A manticore (D:8)
  Joseph (D:8)
  A gargoyle (D:10)
  Maurice (D:8)
  2 komodo dragons
  2 trolls
  Prince Ribbit (D:9)
  A shadow (D:10)
  A wyvern (D:9)
  2 wraiths
  4 steam dragons (D:8)
  Grum (D:8)
  A black bear (D:7)
  An ice beast (D:6)
  3 orc warriors
  3 sky beasts
  A necrophage (D:5)
  An ogre (D:4)
  5 centaurs
  3 phantoms
  2 wolves (D:8)
  3 kobold brigands
  A bullfrog (D:7)
  2 gnoll sergeants
  A wyvern zombie (D:6)
  2 scorpions (D:6)
  9 wights
  3 howler monkeys
  4 centaur zombies
  5 jellies
  3 hounds
  5 orc priests
  A gnoll shaman (D:7)
  Terence (D:2)
  Ijyb (D:3)
  10 orc wizards
  11 gnolls
  6 adders
  A shadow imp (D:7)
  A white imp (D:5)
  An ufetubus (D:7)
  An adder zombie (D:5)
  3 dart slugs
  2 worms
  33 orcs
  7 endoplasms
  3 giant cockroaches
  4 goblins
  4 hobgoblins
  18 kobolds
  A quokka (D:3)
  7 ball pythons
  6 bats
  6 frilled lizards
  9 rats
214 creatures vanquished.

Vanquished Creatures (others)
  A sky beast (D:8)
  2 fungi (D:8)
  33 plants (D:9)
36 creatures vanquished.

Grand Total: 250 creatures vanquished

Notes
Turn   | Place    | Note
-------+----------+-------------------------------------------
     0 | D:1      | septik the Minotaur Berserker began the quest for the Orb.
     0 | D:1      | Reached XP level 1. HP: 19/19 MP: 0/0
     6 | D:1      | Noticed a hound
     6 | D:1      | Noticed a wyvern
     6 | D:1      | Noticed a black mamba
     7 | D:1      | Noticed a black bear
     7 | D:1      | Noticed an iguana
    98 | D:1      | Found a faded altar of an unknown god.
   136 | D:1      | Reached skill level 4 in Axes
   261 | D:1      | Reached XP level 2. HP: 26/26 MP: 1/1
   786 | D:1      | Reached skill level 5 in Axes
   789 | D:1      | Reached ** piety under Trog
  1156 | D:2      | Noticed Terence
  1165 | D:2      | Killed Terence
  1166 | D:2      | Reached XP level 3. HP: 29/31 MP: 2/2
  1725 | D:2      | Reached skill level 6 in Axes
  1725 | D:2      | Reached XP level 4. HP: 39/39 MP: 3/3
  2875 | D:3      | Noticed Ijyb
  2878 | D:3      | Killed Ijyb
  2911 | D:3      | Reached skill level 7 in Axes
  2911 | D:3      | Reached XP level 5. HP: 45/45 MP: 4/4
  3142 | D:4      | Noticed an ogre
  3149 | D:4      | Killed an ogre
  3150 | D:4      | Reached skill level 8 in Axes
  3214 | D:4      | Reached XP level 6. HP: 41/51 MP: 5/5
  3391 | D:4      | Reached skill level 9 in Axes
  3817 | D:5      | Entered Level 5 of the Dungeon
  3920 | D:5      | Reached XP level 7. HP: 55/57 MP: 6/6
  3965 | D:5      | Reached skill level 10 in Axes
  4667 | D:6      | Reached skill level 11 in Axes
  4733 | D:6      | Reached *** piety under Trog
  4734 | D:6      | Reached XP level 8. HP: 64/64 MP: 7/7
  4777 | D:6      | Reached skill level 12 in Axes
  5128 | D:6      | Found Onuwun's Book Shoppe.
  5136 | D:6      | Reached skill level 13 in Axes
  5500 | D:7      | Noticed a troll
  5503 | D:7      | Noticed a two-headed ogre
  5508 | D:7      | Killed a troll
  5509 | D:7      | Reached skill level 14 in Axes
  5509 | D:7      | Reached XP level 9. HP: 70/70 MP: 8/8
  5515 | D:7      | Killed a two-headed ogre
  5516 | D:7      | Reached skill level 15 in Axes
  5590 | D:7      | Found a staircase to the Ecumenical Temple.
  5892 | D:7      | Found a broken altar of Ashenzari.
  5917 | D:7      | Reached skill level 16 in Axes
  6249 | Temple   | Entered the Ecumenical Temple
  6291 | D:8      | Noticed Joseph
  6308 | D:8      | Killed Joseph
  6346 | D:8      | Noticed Grum
  6352 | D:8      | Reached skill level 17 in Axes
  6367 | D:8      | Killed Grum
  6368 | D:8      | Reached XP level 10. HP: 26/77 MP: 9/9
  6509 | D:8      | Reached **** piety under Trog
  6645 | D:8      | Noticed Maurice
  6658 | D:8      | Killed Maurice
  6975 | D:8      | Reached skill level 18 in Axes
  7111 | D:8      | Noticed a manticore
  7119 | D:8      | Killed a manticore
  7754 | D:9      | Found a staircase to the Lair.
  7808 | D:9      | Found a basalt altar of Yredelemnul.
  7808 | D:9      | Found a stormy altar of Qazlal.
  7923 | D:9      | Noticed Prince Ribbit
  7927 | D:9      | Killed Prince Ribbit
  7928 | D:9      | Reached skill level 19 in Axes
  8010 | D:9      | Found a blossoming altar of Fedhas.
  8287 | D:10     | Entered Level 10 of the Dungeon
  8419 | D:10     | Found a white marble altar of Elyvilon.
  8649 | D:10     | Noticed a gargoyle
  8660 | D:10     | Killed a gargoyle
  8661 | D:10     | Reached XP level 11. HP: 37/82 MP: 10/10
  8725 | D:10     | Found a shadowy altar of Dithmenos.
  9046 | D:10     | Found a staircase to the Orcish Mines.
  9076 | D:10     | Reached skill level 20 in Axes
  9083 | D:10     | HP: 4/82 [orc warrior (6)]
  9083 | D:10     | Slain by an orc warrior

Illustrated notes

Levels and vault maps discovered:
D:1:      onia_arrival_zoo_common, layout_basic,
          dreamdust_ecumenical_altar_angels_and_demons, st_stairs_8,
          dk_noncrumbling_2, minmay_heptomino_w4
D:2:      layout_loops_ring, uniq_terence
D:3:      layout_basic, uniq_ijyb
D:4:      layout_cave_pools
D:5:      layout_cave_pools
D:6:      layout_basic, serial_shops, nicolae_shop_advertising_works
          [nicolae_subvault_shop_adworks], chequers_jeans
D:7:      layout_loops_ring, evilmike_ruin_ashenzari,
          minmay_temple_entry_sparse_star
D:8:      kennysheep_steamy, layout_basic, minmay_misc_feat_hallway,
          hangedman_misty_isle, uniq_joseph, uniq_grum, uniq_maurice
D:9:      layout_basic, nicolae_overflow_hidden_temple, david_lair_shrubbed,
          uniq_prince_ribbit1
D:10:     layout_irregular_city, elyvilon_altar_3,
          nicolae_dithmenos_the_darkroom,
          kennysheep_orc_monster_closet_entryway, nicolae_elevator_lobby_plus
Temple:   nicolae_temple_elliptical

Skill      XL: |  1  2  3  4  5  6  7  8  9 10 11 |
---------------+----------------------------------+-----
Axes           | 4 5 6 7 8 9 11 14 17 19 20 | 20.0
Fighting       | |  3.6
Armour         | |  2.4
Dodging        | |  2.1

Action                   |  1- 3 |  4- 6 |  7- 9 | 10-12 || total
-------------------------+-------+-------+-------+-------++-------
Melee: Hand axe          |    63 |   115 |   270 |   277 ||   725
       Headbutt          |    12 |    20 |    51 |    71 ||   154
Invok: Berserk           |     1 |     3 |     6 |     8 ||    18
       Trog's Hand       |     1 |     1 |     1 |     1 ||     4
  Use: Scroll            |       |     2 |       |       ||     2
 Stab: Sleeping          |     3 |       |       |       ||     3
Armor: Animal skin       |    19 |    11 |       |       ||    30
       Chain mail        |       |     8 |   135 |   140 ||   283
Dodge: Dodged            |    39 |    50 |    55 |    50 ||   194
Block: Buckler           |       |     4 |     5 |       ||     9
       Kite shield       |       |       |    81 |   129 ||   210

Table legend: (Time is in decaauts)
 A = Elapsed time spent in this place.
 B = Non-inter-level travel time spent in this place.
 C = Inter-level travel time spent in this place.
 D = Time resting spent in this place.
 E = Time spent auto-exploring this place.
 F = Levels seen in this place.
 G = Mean time per level.
                   A        B        C        D        E       F      G
               +--------+--------+--------+--------+--------+-----+--------+
         Total |   9256 |   8849 |    407 |    519 |   6614 |  11 |  841.5 |
       Dungeon |   9254 |   8847 |    407 |    519 |   6614 |  10 |  925.4 |
        Temple |      1 |      1 |      0 |      0 |      0 |   1 |    1.0 |
               +--------+--------+--------+--------+--------+-----+--------+

Top non-repeatable levels by time:
     D:8: 1189 daAuts
     D:3: 1172 daAuts
     D:6: 1128 daAuts
     D:1: 1097 daAuts
     D:9: 927 daAuts
     D:2: 875 daAuts
    D:10: 784 daAuts
     D:7: 773 daAuts
     D:4: 752 daAuts
     D:5: 552 daAuts
  Temple: 1 daAuts
